[Event "8th Montevideo Open 2025"]
[Site "Montevideo"]
[Date "2025.02.08"]
[Round "8.1"]
[White "Larrea, Manuel"]
[Black "Coro, Lucas"]
[Result "0-1"]
[Annotator "TA"]
[ECO "B35"]
[WhiteElo "2265"]
[BlackElo "2415"]
[PlyCount "66"]
[EventDate "2025.02.01"]
[EventType "swiss"]
[EventCountry "URU"]
[SourceTitle "playchess.com"]
[Source "ChessBase"]
[SourceQuality "1"]
[TimeControl "5400+30"]

1. e4 c5 2. Nf3 Nc6 3. d4 cxd4 4. Nxd4 g6 5. Nc3 Bg7 6. Be3 Nf6 7. Bc4 Qa5 8. O-O O-O 9. Re1 {[%emt 0:02:28] B35: Sicilian: Accelerated Dragon with 5 Nc3: main line.} d6 (9... Ng4 $5) 10. Nd5 Re8 11. Nxf6+ $146 {[%emt 0:04:39] White is slightly better.} (11. Nb3 Qd8 12. f3 e6 13. Nxf6+ Bxf6 14. c3 Qc7 15. Qd2 Rd8 16. Qf2 Ne5 17. Bf1 {1-0 Giaccio,A (2470)-Aguila,G (2281) Chesspangenberg op 1st 2003 (6)}) 11... Bxf6 12. c3 Qc7 {[%emt 0:11:28] Hoping for ...Nxd4.} 13. Nc2 b6 14. Bh6 Ne5 15. Bd5 Rb8 16. Ne3 e6 17. Bb3 Ba6 18. Ng4 Bh8 19. Nxe5 Bxe5 20. f4 Bh8 21. Qg4 Qc5+ 22. Kh1 Qf2 23. h4 (23. Rab1 $11 {remains equal.}) 23... d5 {[%emt 0:00:19] Black is more active.} ({Black should try} 23... Qxb2 $17 24. f5 exf5 (24... Qxc3 25. fxe6 f5 26. exf5 $18) 25. exf5 Qxc3 26. Bxf7+ Kxf7 27. fxg6+ Kg8 28. gxh7+ Kxh7 29. Qf5+ Kxh6 30. Qg5+ Kh7 31. Qh5+ Kg7 32. Qg5+ Kf7 33. Qd5+ Kf8 34. Qxd6+ Kg7 35. Re7+ Rxe7 36. Qxe7+ Kg6) 24. exd5 (24. h5 $1 $11) 24... exd5 $17 (24... Qxb2 25. h5 (25. dxe6 f5 $18) 25... Bb7 (25... exd5 26. Bxd5 Rxe1+ 27. Rxe1 $18) 26. hxg6 $18 (26. dxe6 f5 $18)) 25. Rxe8+ Rxe8 26. Bxd5 {[%emt 0:00:22] [#]} (26. Kh2 $142) 26... Bc8 $1 (26... Qxb2 27. Qd7 Qxa1+ 28. Kh2) 27. Qg5 {[%emt 0:00:48] Counterplay Black} Qxb2 28. Rf1 {[%emt 0:01:51] And now Bc6 would win.} Bf5 ({Worse is} 28... Qxc3 29. f5 Bxf5 (29... Qd3 30. Bxf7+ Kxf7 31. fxg6+ Ke6 32. Re1+ Kd7 33. Rxe8 $18) 30. Rxf5 Re1+ 31. Kh2 Be5+ 32. Rf4 $16 (32. g3 Bxg3+ 33. Qxg3 Qxg3+ 34. Kxg3 gxf5 $15)) 29. c4 (29. Kh2 $17 Qxc3 (29... Bxc3 30. Qg3 $17) 30. Bf3) 29... Bf6 $19 ({Don't take} 29... Qxa2 30. Rd1 Qb2 31. Qg3 $19) 30. Qg3 Qxa2 31. h5 Qe2 32. Rf3 {[%emt 0:01:10] [#]} (32. Qf3 $19) 32... Qd1+ 33. Kh2 Re1 {[%emt 0:00:13] Weighted Error Value: White=0.53/Black=0.11 (very precise)   Mistake:       	White=5     	Black=1      Inaccurate:     	White=3     	Black=2      OK:         	White=7     	Black=10     Best:        	White=1     	Black=1      Strong:       	---       	Black=1} 0-1

[Event "8th Montevideo Open 2025"]
[Site "Montevideo"]
[Date "2025.02.08"]
[Round "8.2"]
[White "Coppola, Claudio"]
[Black "Villegas, Franco"]
[Result "1-0"]
[Annotator "RC"]
[ECO "E05"]
[WhiteElo "2220"]
[BlackElo "2325"]
[PlyCount "61"]
[EventDate "2025.02.01"]
[EventType "swiss"]
[EventCountry "URU"]
[SourceTitle "playchess.com"]
[Source "ChessBase"]
[SourceQuality "1"]
[TimeControl "5400+30"]

1. d4 Nf6 2. c4 e6 3. g3 d5 4. Bg2 Be7 5. Nf3 O-O 6. O-O dxc4 7. Ne5 Nc6 8. Bxc6 bxc6 9. Nxc6 Qe8 10. Nxe7+ Qxe7 11. Qc2 e5 12. Rd1 exd4 13. Rxd4 c5 14. Rxc4 Ba6 15. Rxc5 Rac8 16. Rxc8 Rxc8 17. Nc3 Qc5 18. Qa4 Bb7 19. Qb5 Qc7 20. Bf4 a6 21. Bxc7 axb5 22. Nxb5 Ba6 23. a4 h6 24. Rc1 Nd5 25. Bf4 Re8 26. e3 Re4 27. Nd4 Nb4 28. Bd6 Nd3 29. Rc6 Bb7 30. Rb6 Bd5 31. a5 1-0

[Event "8th Montevideo Open 2025"]
[Site "Montevideo"]
[Date "2025.02.08"]
[Round "8.3"]
[White "Vazquez, Facundo"]
[Black "Shoker, Samy"]
[Result "1-0"]
[Annotator "TA"]
[ECO "E60"]
[WhiteElo "2404"]
[BlackElo "2446"]
[PlyCount "83"]
[EventDate "2025.02.01"]
[EventType "swiss"]
[EventCountry "URU"]
[SourceTitle "playchess.com"]
[Source "ChessBase"]
[SourceQuality "1"]
[TimeControl "5400+30"]

1. d4 d6 2. Nf3 g6 3. c4 Bg7 4. g3 Nf6 5. Bg2 O-O 6. O-O Nc6 7. d5 Na5 8. Na3 c5 9. Re1 {[%emt 0:00:06] E60: King's Indian: Unusual lines and Fianchetto Variation without Nc3.} a6 (9... e6 $11) 10. e4 $14 Nd7 11. Rb1 {[%emt 0:04:26] White is slightly better.} b5 12. cxb5 $16 axb5 $146 (12... Qb6 13. Bf1 axb5 14. Nxb5 Ba6 15. a4 c4 16. Be3 Qb7 17. Bd4 Ne5 18. Bxe5 dxe5 {1-0 Rogozenco,D (2421)-Secheres,A (2381) ROM-chT Eforie Nord 2023 (4.4)}) 13. Nxb5 Nc4 14. b3 Nce5 15. a4 {[%emt 0:04:46] White is more active.} Nxf3+ 16. Bxf3 f5 17. exf5 Ne5 18. Be4 Bxf5 19. Bxf5 Rxf5 20. f4 Nd7 21. Bb2 Nf6 22. Qe2 Qd7 {[%emt 0:03:32] [#]} (22... Kf8 $16 {is a better defense.} 23. Qf3 (23. Bxf6 Bxf6 24. Qc4 Kg8 $18) 23... Nh5) 23. Qxe7 $18 Bf8 24. Qe6+ Qxe6 25. dxe6 ({Much less strong is} 25. Rxe6 Nxd5 26. Nxd6 Nc7 $18) 25... Ne8 26. e7 Bg7 27. Bxg7 Kxg7 28. Rbd1 d5 (28... Ra6 29. Nc3 Rb6) 29. Re5 {[%emt 0:03:27] White is clearly winning.} d4 30. Rxf5 gxf5 {[%emt 0:00:01][%mdl 4096] Endgame KRN-KRN. White is two pawns up.} 31. Rc1 Rc8 32. Nxd4 Kf6 33. b4 c4 34. b5 Nd6 35. Nc6 Ra8 36. Rd1 Ke6 37. a5 Kd7 38. a6 {[%emt 0:03:08][%cal Ob5b6] [#]} c3 39. Rd3 {[%emt 0:02:51][%cal Ob5b6] b6! is the strong threat.} c2 40. Rc3 Nxb5 41. Rxc2 Nc7 42. Ne5+ {[%emt 0:01:09] Black did not feel at home in the position after the opening.   Weighted Error Value: White=0.09 (flawless) /Black=0.65  Mistake:       	---       	Black=4      Inaccurate:     	---       	Black=2      OK:         	White=15    	Black=8      Best:        	White=2     	---} 1-0

[Event "8th Montevideo Open 2025"]
[Site "Montevideo"]
[Date "2025.02.08"]
[Round "8.4"]
[White "Roselli Mailhe, Bernardo"]
[Black "Villca, Julian"]
[Result "1/2-1/2"]
[Annotator "TA"]
[ECO "D58"]
[WhiteElo "2342"]
[BlackElo "2413"]
[PlyCount "117"]
[EventDate "2025.02.01"]
[EventType "swiss"]
[EventCountry "URU"]
[SourceTitle "playchess.com"]
[Source "ChessBase"]
[SourceQuality "1"]
[TimeControl "5400+30"]

1. d4 d5 2. c4 e6 3. Nc3 Nf6 4. Bg5 Be7 5. e3 h6 6. Bh4 O-O 7. Nf3 b6 8. g4 {D58: Queen's Gambit Declined: Tartakower Defence.} Ne4 9. Bxe7 Qxe7 10. h4 {[%emt 0:00:30] Black is slightly better.} Bb7 11. g5 h5 $146 (11... hxg5 12. Nxg5 Nxg5 (12... Nxc3 13. Qh5) 13. hxg5 Qxg5 14. Bd3 $16) (11... dxc4 $11 12. gxh6 Nxc3 13. bxc3 gxh6) (11... Nd7 12. gxh6 gxh6 13. Nxe4 dxe4 14. Nd2 c5 15. Nxe4 Bxe4 16. Qg4+ Bg6 17. h5 Nf6 {0-1 Barrientos Chavarriaga,S (2441)-Blanco Amaro,G (1971) Carlos Torre Memorial op 33rd 2023 (2)}) 12. Nxe4 $14 dxe4 13. Nd2 c5 14. dxc5 Nd7 {[%emt 0:00:00][%cal Bb8d7,Bd7e5,Be5g6][%mdl 32] Black sacrificed a pawn} 15. Qxh5 Qxc5 16. O-O-O Ne5 17. Kb1 Rad8 18. Nb3 Qb4 19. Be2 a5 {[%emt 0:00:00] [#]} (19... Nxc4 $11 20. Rxd8 Rxd8) 20. g6 $1 $16 Nxg6 21. Nd4 Qe7 22. Rdg1 Qf6 23. Qg5 (23. Rh2 {seems wilder.} Rd6 24. Rhg2 Rxd4 25. exd4 e3 26. f3) 23... Qxg5 24. Rxg5 e5 ({Black should try} 24... Nf4 $1 $14) 25. Nf5 Rd2 26. Re1 {[%emt 0:01:50] and h5 should not be overlooked} Bc8 27. Kc1 (27. Ng3 $1 $16) 27... Rfd8 {[%emt 0:02:32] [#] Repels c5} (27... Rxe2 $1 $11 {and Black is okay.} 28. Rxe2 Bxf5 29. Rxf5 f6) 28. Rxg6 fxg6 $14 (28... Bxf5 $2 29. Rxb6 Be6 30. Rc6 $18) 29. Ne7+ Kf7 30. Nxc8 Rxe2 31. Nd6+ Rxd6 32. Rxe2 {[%emt 0:02:39][%mdl 4096] Endgame KR-KR} Kf6 33. Rd2 Rc6 34. b3 g5 35. hxg5+ Kxg5 36. Kd1 Rh6 37. Ke2 Kf5 38. Rd7 g5 39. Rf7+ Kg4 40. Rb7 Rc6 (40... a4 $1 $11) 41. Rf7 ({Better is} 41. Ra7 $16) 41... Rd6 {[%emt 0:01:06] [#]} (41... Rh6 $11 {keeps the balance.}) 42. Rc7 (42. Ra7 $1 $16) 42... a4 $1 $11 43. Rb7 axb3 44. axb3 Kf5 (44... Kh3 $11) 45. Kf1 $16 Kg4 46. Kg2 Rc6 47. Rb8 {[%emt 0:00:00] White is more active.} Rd6 {[%emt 0:00:17] [#]} 48. b4 (48. Re8 $1 $16 Rd3 49. Rxe5 Rxb3 50. Rxe4+ Kf5 51. Re8) 48... Rc6 $11 {[%emt 0:00:59] The position is equal.} 49. b5 Rxc4 50. Rxb6 Rb4 51. Rb8 Rb2 52. b6 Rb3 53. Kf1 Rb1+ 54. Ke2 Rb2+ 55. Ke1 Rb1+ 56. Kd2 Rb2+ 57. Kc3 Rxf2 58. Re8 {[%emt 0:02:19][%cal Ob6b7] White wants to mate with b7!.} (58. Rg8 $5 Rf7 $8 59. Kc4 $11) 58... Rf7 {[%emt 0:00:38] Threatens to win with ...Kf3.} 59. Rxe5 {[%emt 0:00:09] Weighted Error Value: White=0.16 (very precise) /Black=0.16 (very precise)   Mistake:       	White=5     	Black=7      Inaccurate:     	White=4     	Black=1      OK:         	White=17    	Black=26     Best:        	White=5     	Black=5      Strong:       	---       	Black=1} 1/2-1/2

[Event "8th Montevideo Open 2025"]
[Site "Montevideo"]
[Date "2025.02.08"]
[Round "8.5"]
[White "De Lima, Adriano Gaspar"]
[Black "Hoffman, Alejandro"]
[Result "0-1"]
[Annotator "TA"]
[ECO "A57"]
[WhiteElo "2073"]
[BlackElo "2368"]
[PlyCount "64"]
[EventDate "2025.02.01"]
[EventType "swiss"]
[EventCountry "URU"]
[SourceTitle "playchess.com"]
[Source "ChessBase"]
[SourceQuality "1"]
[TimeControl "5400+30"]

1. d4 Nf6 2. c4 c5 3. d5 b5 4. Qc2 bxc4 5. e4 d6 6. Bxc4 {[%emt 0:01:47] A57: Benko/Volga Gambit.} g6 7. f4 Bg7 8. Nf3 {[%emt 0:01:43] The position is equal.} O-O 9. O-O Ba6 10. Na3 Nfd7 11. Bd2 Nb6 12. Bxa6 Nxa6 13. Bc3 $1 Nb4 14. Qd2 Bh6 $146 (14... a5 15. Bxg7 Kxg7 {½-½ Kostic,V (2436)-Nestorovic,N (2410) Stara Pazova op 2009 (10)}) 15. g4 e6 16. g5 Bg7 17. f5 $2 {[%emt 0:03:38] [#]} (17. dxe6 $16 {Strongly threatening f5.} fxe6 18. Bxg7 Kxg7 19. Nb5) 17... exf5 $17 {[%emt 0:02:48] White is on the road to losing.} (17... gxf5 18. Bxg7 Kxg7 19. exf5 N4xd5 (19... N6xd5 20. Nc4 $14) 20. Rae1 $11) 18. exf5 Bxc3 ({Don't do} 18... N4xd5 19. f6 Bh8 20. Nc2 $17) (18... gxf5 19. Bxg7 Kxg7 20. Nh4 $16) (18... N6xd5 19. Rad1 $11) 19. bxc3 N4xd5 {[%emt 0:00:24][%csl Oa2,Oc3] White has weak pawns} 20. f6 (20. Rae1 $17) 20... Re8 21. Rae1 (21. c4 $17 Ne3 22. Rfe1 Nexc4 (22... Nbxc4 23. Nxc4 Nxc4 24. Qc2 $17) 23. Nxc4 Nxc4 24. Qd3) 21... Qd7 $19 22. Rxe8+ Rxe8 23. Re1 h5 (23... Qg4+ 24. Kf2 Rd8 (24... Rxe1 25. Qxe1 Qa4 26. c4 $17) 25. h3 Qxh3 26. Nc4 Nxf6 (26... Nxc4 27. Qxd5 Nb6 28. Qxd6 $14) 27. gxf6 Nxc4 28. Qd5 $15) (23... Rxe1+ $142 24. Qxe1 Qg4+ 25. Kf2 Nd7 26. Qe8+ Nf8) 24. Rxe8+ (24. Kf2 {keeps fighting.}) 24... Qxe8 25. Kf2 (25. c4 $142 Qe4 26. Qe1 Qxe1+ (26... Qxf3 27. Qe8+ Kh7 28. Qxf7+ Kh8 29. Qg7#) (26... Ne3 $2 27. Kf2 $19) 27. Nxe1) 25... Qe4 26. h4 a6 27. c4 Nxc4 28. Nxc4 Qxc4 29. Qa5 {[%emt 0:00:06] [#] Qd8+ would kill now.} Qc2+ 30. Kg3 $2 (30. Qd2 Qe4 31. Qe2 Qxe2+ 32. Kxe2) 30... Ne3 31. Qxa6 Nf5+ 32. Kf4 Qc1+ {[%emt 0:01:48] Weighted Error Value: White=0.76/Black=0.14 (very precise)   Mistake:       	White=6     	Black=1      Inaccurate:     	White=3     	Black=2      OK:         	White=7     	Black=11     Best:        	White=1     	Black=2      Strong:       	White=1     	---} 0-1

[Event "8th Montevideo Open 2025"]
[Site "Montevideo"]
[Date "2025.02.08"]
[Round "8.6"]
[White "Mussanti, Diego"]
[Black "De Dovitiis, Alejo"]
[Result "1-0"]
[Annotator "RC"]
[ECO "C12"]
[WhiteElo "2173"]
[BlackElo "2225"]
[PlyCount "77"]
[EventDate "2025.02.01"]
[EventType "swiss"]
[EventCountry "URU"]
[SourceTitle "playchess.com"]
[Source "ChessBase"]
[SourceQuality "1"]
[TimeControl "5400+30"]

1. e4 e6 2. d4 d5 3. Nc3 Nf6 4. Bg5 Bb4 5. e5 h6 6. Bd2 Bxc3 7. bxc3 Ne4 8. Qg4 g6 9. Bd3 Nxd2 10. Kxd2 c5 11. Nf3 Nc6 12. h4 c4 13. Be2 Qe7 14. Qf4 b5 15. h5 g5 16. Qf6 Rh7 17. Rhb1 Bd7 18. Nh2 b4 19. Qxe7+ Kxe7 20. Ng4 f5 21. exf6+ Kd6 22. Bf3 Rf8 23. Re1 Be8 24. Rh1 a5 25. Rae1 bxc3+ 26. Kxc3 Na7 27. Kd2 Nb5 28. c3 Na3 29. Re2 Rb7 30. Nxh6 Rb2+ 31. Ke3 Nc2+ 32. Rxc2 Rxc2 33. Ng4 Rxc3+ 34. Ke2 Rc2+ 35. Ke3 Rc3+ 36. Ke2 Bf7 37. Ne5 Bg8 38. Rb1 Rxf6 39. Rb7 1-0

[Event "8th Montevideo Open 2025"]
[Site "Montevideo"]
[Date "2025.02.08"]
[Round "8.7"]
[White "Komarov, Leonid"]
[Black "Milat, Marcel"]
[Result "1/2-1/2"]
[Annotator "RC"]
[ECO "A70"]
[WhiteElo "1956"]
[BlackElo "2190"]
[PlyCount "38"]
[EventDate "2025.02.01"]
[EventType "swiss"]
[EventCountry "URU"]
[SourceTitle "playchess.com"]
[Source "ChessBase"]
[SourceQuality "1"]
[TimeControl "5400+30"]

1. d4 Nf6 2. c4 e6 3. Nf3 c5 4. d5 exd5 5. cxd5 d6 6. Nc3 g6 7. e4 Bg7 8. Bd3 O-O 9. O-O Bg4 10. Bf4 Nh5 11. Be3 a6 12. h3 Bxf3 13. Qxf3 Nd7 14. a4 Ne5 15. Qd1 f5 16. exf5 Nxd3 17. Qxd3 gxf5 18. Bd2 Qh4 19. Rae1 Be5 1/2-1/2

[Event "8th Montevideo Open 2025"]
[Site "Montevideo"]
[Date "2025.02.08"]
[Round "8.8"]
[White "Carbone, Diego"]
[Black "Errazola, Mauricio"]
[Result "1-0"]
[Annotator "RC"]
[ECO "E20"]
[WhiteElo "2216"]
[BlackElo "1891"]
[PlyCount "69"]
[EventDate "2025.02.01"]
[EventType "swiss"]
[EventCountry "URU"]
[SourceTitle "playchess.com"]
[Source "ChessBase"]
[SourceQuality "1"]
[TimeControl "5400+30"]

1. d4 d5 2. c4 e6 3. Nf3 Nf6 4. g3 Bb4+ 5. Nc3 O-O 6. Bg2 Ne4 7. Qc2 f5 8. O-O c6 9. a3 Be7 10. b4 Nd6 11. Ne5 Nd7 12. cxd5 cxd5 13. Rd1 Qc7 14. Qb3 Kh8 15. Bf4 Nxe5 16. Bxe5 Bd7 17. Rac1 Qb6 18. h4 Nc4 19. Bf4 Bd6 20. e3 Rac8 21. h5 Bxf4 22. exf4 h6 23. Bf1 Rc7 24. Bxc4 Rxc4 25. Ne2 Rfc8 26. Rxc4 Rxc4 27. Qe3 Be8 28. g4 Qc6 29. gxf5 exf5 30. Ng3 Rc3 31. Qe7 Bxh5 32. Nxh5 Qg6+ 33. Ng3 Qg4 34. Qf8+ Kh7 35. Qxf5+ 1-0

[Event "8th Montevideo Open 2025"]
[Site "Montevideo"]
[Date "2025.02.08"]
[Round "8.9"]
[White "Silva, Juliana Figueira The"]
[Black "Dominguez, Facundo"]
[Result "1-0"]
[Annotator "RC"]
[ECO "B07"]
[WhiteElo "1850"]
[BlackElo "2159"]
[PlyCount "115"]
[EventDate "2025.02.01"]
[EventType "swiss"]
[EventCountry "URU"]
[SourceTitle "playchess.com"]
[Source "ChessBase"]
[SourceQuality "1"]
[TimeControl "5400+30"]

1. d4 d6 2. Nf3 Bg4 3. e4 Nf6 4. Nbd2 Nc6 5. c3 g6 6. Be2 Bg7 7. O-O O-O 8. h3 Bxf3 9. Bxf3 e5 10. Nb3 Nd7 11. Re1 Re8 12. Be3 Nf6 13. Qc2 Qe7 14. Nd2 a5 15. Rac1 Nd7 16. Qd3 Bf6 17. Bg4 Ncb8 18. Kh2 Bg5 19. g3 Bxe3 20. Rxe3 Nf6 21. Bf3 Nc6 22. Ree1 h5 23. Nf1 Nd8 24. d5 b6 25. Ra1 Nb7 26. b4 Ra7 27. Rec1 Rea8 28. a3 Kg7 29. Ne3 h4 30. g4 Nh7 31. Ng2 Qg5 32. Qe3 Nd8 33. Be2 Qxe3 34. Nxe3 Nf6 35. Bf3 axb4 36. cxb4 Ne8 37. Rc3 Kf8 38. Be2 Ke7 39. Bb5 Nf6 40. f3 Nh7 41. Ng2 f5 42. gxf5 gxf5 43. Nxh4 fxe4 44. fxe4 Nf6 45. Nf5+ Kf7 46. Rf3 Kg6 47. Re3 Nf7 48. Rg1+ Ng5 49. h4 Nfxe4 50. hxg5 Rh8+ 51. Kg2 Kxf5 52. Bd3 Kxg5 53. Bxe4 Kf4 54. Rge1 Raa8 55. Rf3+ Kg4 56. Rg1 Raf8 57. Kf2+ Kh4 58. Bf5 1-0

[Event "8th Montevideo Open 2025"]
[Site "Montevideo"]
[Date "2025.02.08"]
[Round "8.10"]
[White "Varela, Mateo"]
[Black "Carvalho, Guillermo"]
[Result "1/2-1/2"]
[Annotator "RC"]
[ECO "B38"]
[WhiteElo "1955"]
[BlackElo "2094"]
[PlyCount "65"]
[EventDate "2025.02.01"]
[EventType "swiss"]
[EventCountry "URU"]
[SourceTitle "playchess.com"]
[Source "ChessBase"]
[SourceQuality "1"]
[TimeControl "5400+30"]

1. e4 c5 2. Nf3 Nc6 3. d4 cxd4 4. Nxd4 g6 5. c4 Bg7 6. Be3 Nf6 7. Nc3 O-O 8. Be2 d6 9. O-O Bd7 10. Nc2 Qa5 11. h3 Rfc8 12. f4 Qd8 13. Qd3 Na5 14. Na3 Be6 15. b3 Nc6 16. Nc2 Nd7 17. f5 Nde5 18. Qd2 Bd7 19. Rad1 Qa5 20. b4 Qd8 21. Nd5 Be8 22. Na3 Nb8 23. Rc1 Nbd7 24. Bg5 Nf6 25. Bxf6 Bxf6 26. Nxf6+ exf6 27. Rcd1 Ba4 28. Rc1 Qb6+ 29. Kh1 g5 30. Nb1 Bc6 31. Qxd6 Bxe4 32. Qxb6 axb6 33. Nc3 1/2-1/2

[Event "8th Montevideo Open 2025"]
[Site "Montevideo"]
[Date "2025.02.08"]
[Round "8.11"]
[White "Kulik, Nicolas"]
[Black "Izquierdo, Daniel"]
[Result "0-1"]
[Annotator "RC"]
[ECO "B42"]
[WhiteElo "1922"]
[BlackElo "2069"]
[PlyCount "76"]
[EventDate "2025.02.01"]
[EventType "swiss"]
[EventCountry "URU"]
[SourceTitle "playchess.com"]
[Source "ChessBase"]
[SourceQuality "1"]
[TimeControl "5400+30"]

1. e4 c5 2. Nf3 e6 3. d4 cxd4 4. Nxd4 a6 5. Bd3 Qb6 6. Nb3 Qc7 7. O-O Nf6 8. c4 d6 9. Nc3 Be7 10. Kh1 O-O 11. f4 Nbd7 12. Be3 b6 13. Rc1 Bb7 14. Nd2 Rac8 15. a3 Qb8 16. b4 Qa8 17. Qe2 Rfe8 18. Bb1 Bf8 19. Bg1 g6 20. Rfd1 Nh5 21. Be3 f5 22. exf5 exf5 23. Qf2 Ndf6 24. Bxb6 Bh6 25. Nd5 Nxd5 26. cxd5 Rxc1 27. Rxc1 Nxf4 28. Be3 Nh3 29. Qh4 Bxe3 30. Rc7 h6 31. Ne4 fxe4 32. Qxh3 Bg5 33. Qc3 Re7 34. Rc4 Qf8 35. h4 Qf1+ 36. Kh2 Bf6 37. Qe3 Bxd5 38. Rc8+ Kg7 0-1

[Event "8th Montevideo Open 2025"]
[Site "Montevideo"]
[Date "2025.02.08"]
[Round "8.12"]
[White "Meza, Anahi"]
[Black "Cayetano, Juan"]
[Result "1-0"]
[Annotator "NA RC"]
[ECO "D35"]
[WhiteElo "2038"]
[BlackElo "1940"]
[PlyCount "73"]
[EventDate "2025.02.01"]
[EventType "swiss"]
[EventCountry "URU"]
[SourceTitle "playchess.com"]
[Source "ChessBase"]
[SourceQuality "1"]
[TimeControl "5400+30"]

1. d4 d5 2. c4 e6 3. Nc3 Nf6 4. cxd5 exd5 5. Bg5 Be7 6. e3 c6 7. Bd3 h6 8. Bh4 Qb6 9. Qc2 Be6 10. Nf3 Nbd7 11. a3 Rc8 12. O-O Qd8 13. b4 g5 14. Bg3 Rg8 15. Ne5 h5 16. f4 gxf4 17. exf4 Nxe5 18. dxe5 h4 19. exf6 Bxf6 20. Bf2 b6 21. f5 Bd7 22. Rae1+ Kf8 23. Be3 Bg7 24. Ne2 Be5 25. Bh6+ Ke7 26. Nf4 Kd6 27. Nh5 f6 28. Ng7 Qe7 29. Ne6 Rce8 30. Bf4 Bxe6 31. fxe6 Qxe6 32. Bf5 Qe7 33. Bh3 Ref8 34. Qf5 c5 35. b5 Qg7 36. Rxe5 fxe5 37. Bxe5+ 1-0

[Event "8th Montevideo Open 2025"]
[Site "Montevideo"]
[Date "2025.02.08"]
[Round "8.13"]
[White "Escofet, Jaime"]
[Black "Estrada Nieto, Julian"]
[Result "0-1"]
[Annotator "RC"]
[ECO "D00"]
[WhiteElo "1951"]
[BlackElo "2195"]
[PlyCount "94"]
[EventDate "2025.02.01"]
[EventType "swiss"]
[EventCountry "URU"]
[SourceTitle "playchess.com"]
[Source "ChessBase"]
[SourceQuality "1"]
[TimeControl "5400+30"]

1. d4 d5 2. Bf4 Nf6 3. e3 c5 4. c3 Nc6 5. Nd2 Qb6 6. Qb3 c4 7. Qc2 Nh5 8. Bg5 h6 9. Bh4 g5 10. Be2 Ng7 11. Bg3 Nf5 12. e4 Nxg3 13. hxg3 e6 14. Ngf3 Bg7 15. e5 Bd7 16. b3 cxb3 17. axb3 Rc8 18. Qb2 g4 19. Nh4 h5 20. f4 a6 21. Bd3 Rc7 22. f5 Nxe5 23. dxe5 Qe3+ 24. Be2 Bxe5 25. Rc1 Bb5 26. Nf1 Bxc3+ 27. Rxc3 Qxc3+ 28. Qxc3 Rxc3 29. Bxb5+ axb5 30. fxe6 fxe6 31. Ng6 Rh6 32. Nf4 Kf7 33. Kd2 d4 34. Ne2 Rxb3 35. Nxd4 Rb1 36. Kc2 Ra1 37. Nb3 Ra2+ 38. Kd3 Rxg2 39. Nbd2 e5 40. Ne4 Ra6 41. Nfd2 Ra3+ 42. Kc2 Re3 43. Kc1 b4 44. Rxh5 b3 45. Rh7+ Kg6 46. Rxb7 Re1+ 47. Kb2 Rxe4 0-1

[Event "8th Montevideo Open 2025"]
[Site "Montevideo"]
[Date "2025.02.08"]
[Round "8.14"]
[White "Brizzi, Milagros Tatiana"]
[Black "Diaz Delograsi, Francisco"]
[Result "1-0"]
[Annotator "RC"]
[ECO "B12"]
[WhiteElo "2150"]
[BlackElo "1846"]
[PlyCount "35"]
[EventDate "2025.02.01"]
[EventType "swiss"]
[EventCountry "URU"]
[SourceTitle "playchess.com"]
[Source "ChessBase"]
[SourceQuality "1"]
[TimeControl "5400+30"]

1. e4 c6 2. d4 d5 3. e5 c5 4. c3 Nc6 5. Be2 Qb6 6. dxc5 Qxc5 7. Be3 Qa5 8. Nf3 Bf5 9. Nbd2 Qc7 10. O-O Nh6 11. Re1 g5 12. Bxg5 Rg8 13. Qa4 O-O-O 14. Qf4 Qd7 15. Bxh6 Bxh6 16. Qxh6 Rg6 17. Qe3 Rdg8 18. g3 1-0

[Event "8th Montevideo Open 2025"]
[Site "Montevideo"]
[Date "2025.02.08"]
[Round "8.15"]
[White "Curi, Gabriel"]
[Black "Balseca Moreno, Diego"]
[Result "0-1"]
[Annotator "RC"]
[ECO "A45"]
[WhiteElo "2115"]
[BlackElo "2269"]
[PlyCount "96"]
[EventDate "2025.02.01"]
[EventType "swiss"]
[EventCountry "URU"]
[SourceTitle "playchess.com"]
[Source "ChessBase"]
[SourceQuality "1"]
[TimeControl "5400+30"]

1. d4 Nf6 2. Nc3 d6 3. Bf4 Nh5 4. Bg5 h6 5. Bh4 g5 6. e4 Nf4 7. Bg3 e5 8. h4 Bg7 9. dxe5 dxe5 10. hxg5 Qxd1+ 11. Rxd1 hxg5 12. Rxh8+ Bxh8 13. Bxf4 exf4 14. Nd5 Be5 15. Nf3 c6 16. Nxe5 cxd5 17. Bb5+ Ke7 18. exd5 Kf6 19. Nf3 Bd7 20. Be2 a5 21. b3 Na6 22. Bxa6 Rxa6 23. c4 g4 24. Nd4 Ke5 25. Kf1 Rh6 26. Kg1 Rh8 27. f3 Rg8 28. Kf2 g3+ 29. Kg1 a4 30. b4 Rc8 31. c5 Kxd5 32. Ne2+ Kc6 33. Nxf4 Re8 34. Kf1 Bf5 35. Ne2 Be6 36. Nd4+ Kc7 37. Nxe6+ Rxe6 38. Re1 Rh6 39. Re7+ Kc6 40. Kg1 Rh4 41. Re4 Rxe4 42. fxe4 a3 43. Kf1 Kb5 44. Ke2 Kxb4 45. Kf3 Kc3 46. Ke3 Kb2 47. Kd2 Kxa2 48. Kc2 f6 0-1

[Event "8th Montevideo Open 2025"]
[Site "Montevideo"]
[Date "2025.02.08"]
[Round "8.16"]
[White "Miller, Ariel"]
[Black "Manteiga, Franco"]
[Result "1-0"]
[Annotator "NA RC"]
[ECO "B82"]
[WhiteElo "1835"]
[BlackElo "2029"]
[PlyCount "85"]
[EventDate "2025.02.01"]
[EventType "swiss"]
[EventCountry "URU"]
[SourceTitle "playchess.com"]
[Source "ChessBase"]
[SourceQuality "1"]
[TimeControl "5400+30"]

1. e4 c5 2. Nf3 e6 3. d4 cxd4 4. Nxd4 a6 5. Bd3 Nf6 6. Nc3 Qc7 7. f4 d6 8. Be3 Be7 9. Qd2 Nc6 10. Nb3 b5 11. a3 Bb7 12. Rg1 Ng4 13. O-O-O Nxe3 14. Qxe3 Rc8 15. Kb1 b4 16. axb4 Nxb4 17. Qd4 Nxd3 18. Rxd3 Bf6 19. Qxd6 Qxd6 20. Rxd6 Bxc3 21. bxc3 Bxe4 22. Rxa6 Ke7 23. Kb2 Rhd8 24. g3 Kf6 25. Rf1 Bd5 26. Rf2 Kf5 27. h3 Rb8 28. Re2 f6 29. Ra5 Rdc8 30. Kc1 Kg6 31. Nd4 Bc4 32. Re3 Rb6 33. Kd2 Rd8 34. Rc5 Bd5 35. h4 Rb1 36. c4 Bh1 37. Kc3 Ra8 38. h5+ Kh6 39. Rxe6 Ra3+ 40. Kd2 g6 41. Rxf6 Kg7 42. Rd6 Rxg3 43. Rc7+ 1-0